Unix NetHack Version 5.0.0-0 post-release - last build May  4 2026 22:22:43 (774f63e81ad911689b3a0859ea89b322d5daca8d,branch:main).

Game began 2026-05-07 09:59:56, ended 2026-05-07 10:15:29.

246786432, neutral female human Healer

 ------      ---------------
 |.....#### #..............|
 |....|   ###|........%....|
 |..<.|     #----------.----
 ----.-    ##############h@#############
                       #               #######   ###
                       #                        ##
                      ##                       ##
                    ###             #    ------.--
             -------.-              #    |.......|
             |......>|    ###########  ##.........##
             |.......-#####            # |.......|
             |.......|                 # ---------
             |.......|                ##
             |........#################
             ---------

246786432 the Empiric        St:11 Dx:9 Co:13 In:10 Wi:16 Ch:16  Neutral
Dlvl:3  $:1079 HP:0(20) Pw:33(33) AC:8  Xp:3 T:1060  Hungry  

Latest messages:
 A - a scroll labeled XOR OTA.
 The giant rat bites!
 You miss the giant rat.
 The giant rat bites!
 You hit the giant rat.
 The giant rat bites!
 You hit the giant rat.
 The giant rat bites!
 You hit the giant rat.
 The giant rat bites!
 The giant rat bites!
 You hit the giant rat.
 The giant rat bites!
 You kill the giant rat!
 The giant rat bites!
 The giant rat bites!
 The giant rat bites!
 The giant rat just misses!
 The giant rat bites!
 You hit the giant rat.
 You hit the giant rat.
 The giant rat bites!
 You miss the giant rat.
 The giant rat bites!
 You kill the giant rat!
 You are beginning to feel hungry.
 It is hit.
 You hit the gnome zombie.
 The gnome zombie misses!
 You hit the gnome zombie.
 The gnome zombie turns to flee.
 What do you want to throw? [$ or ?*] ?
 Never mind.
 You destroy the gnome zombie!
 You see here a dagger.
 The hobbit hits!
 You miss the hobbit.
 The hobbit hits!
 You miss the hobbit.
 The hobbit hits!
 You hit the hobbit.
 You see here a dagger.
 B - a dagger.
 The hobbit hits!
 You die...
 Do you want your possessions identified? [ynq] (y) y
 Do you want to see your attributes? [ynq] (y) y
 Do you want an account of creatures vanquished? [ynaq] (y) y
 Do you want to see your conduct and achievements? [ynq] (y) y
 Do you want to see the dungeon overview? [ynq] (y) y

Inventory:
 Coins    ('$')
  $ - 1079 gold pieces
 Weapons  (')')
  B - a +0 dagger
  a - a +0 scalpel (weapon in right hand)
 Armor    ('[')
  b - an uncursed +1 pair of leather gloves (being worn)
 Comestibles  ('%')
  l - 6 uncursed apples
  v - an uncursed carrot
  m - an uncursed fortune cookie
 Scrolls  ('?')
  A - an uncursed scroll of amnesia
  t - an uncursed scroll of light
 Spellbooks  ('+')
  n - an uncursed spellbook of confuse monster
  j - a blessed spellbook of extra healing
  i - a blessed spellbook of healing
  r - an uncursed spellbook of sleep
  k - a blessed spellbook of stone to flesh
 Potions  ('!')
  g - 2 blessed potions of extra healing
  f - 2 uncursed potions of extra healing
  d - 3 uncursed potions of healing
  o - a cursed potion of healing
  s - a blessed potion of paralysis
  q - an uncursed potion of paralysis
 Wands    ('/')
  h - a blessed wand of sleep (0:6)
 Tools    ('(')
  c - an uncursed stethoscope
 Gems/Stones  ('*')
  y - an uncursed worthless piece of orange glass
 Boulders/Statues  ('`')
  p - an empty uncursed statue of a sewer rat

246786432 the Healer's attributes:

Background:
 You were an Empiric, a level 3 female human Healer.
 You were neutral, nominally on a mission for Hermes
 who was opposed by Athena (lawful) and Poseidon (chaotic).
 You were right-handed.
 You were in the Dungeons of Doom, on level 3.
 You entered the dungeon 1060 turns ago.
 You had 51 experience points, 29 more were needed to attain level 4.

Basics:
 You had 0 out of 20 hit points.
 You had all 33 energy points (spell power).
 Your armor class was 8.
 Your wallet contained 1079 zorkmids.
 Autopickup was off.

Final Characteristics:
 Your strength was 11 (limit:18/100).
 Your dexterity was 9 (limit:18).
 Your constitution was 13 (limit:18).
 Your intelligence was 10 (limit:18).
 Your wisdom was 16 (limit:18).
 Your charisma was 16 (limit:18).

Final Status:
 You were hungry.
 You were unencumbered.
 You were wielding a knife.
 You had basic skill with knife.

Final Attributes:
 You were devoutly aligned.
 You were poison resistant.
 You are dead.

Miscellaneous:
 You didn't encounter any bones levels.
 Total elapsed playing time was 15 minutes and 28 seconds.

Major events:
 Turn
    1: 246786432 the neutral female human Healer entered the dungeon
  832: attained the rank of Empiric (level 3)
 1060: killed by a hobbit

Spells:
 Name                 Level Category     Fail Retention
 healing                1   healing        0%  91%-100%
 extra healing          3   healing        0%  91%-100%
 stone to flesh         3   healing        4%  91%-100%

Skills:
 Fighting Skills
   bare handed combat [Unskilled]
 Weapon Skills
   dagger             [Unskilled]
   knife              [Basic]
   short sword        [Unskilled]
   saber              [Unskilled]
   club               [Unskilled]
   mace               [Unskilled]
   quarterstaff       [Unskilled]
   polearms           [Unskilled]
   spear              [Unskilled]
   trident            [Unskilled]
   sling              [Unskilled]
   dart               [Unskilled]
   shuriken           [Unskilled]
   unicorn horn       [Unskilled]
 Spellcasting Skills
   healing spells     [Basic]

Voluntary challenges:
 Character rerolling was not enabled.
 You were an atheist.
 You were illiterate.
 You never genocided any monsters.
 You never polymorphed an object.
 You never changed form.
 You used no wishes.
Achievement:
 You attained the rank of Empiric.

 The Dungeons of Doom: levels 1 to 3
    Level 1:
       An altar, some fountains, a grave.
    Level 2:
       A fountain.
    Level 3: <- You were here.
       Final resting place for
          you, killed by a hobbit.


Vanquished creatures:
  2 giant rats
  a green mold
  a gnome zombie
  a gecko
  2 jackals
  2 foxes
  3 goblins
  a sewer rat
  a grid bug
  a lichen
  5 newts
20 creatures vanquished.

No species were genocided or became extinct.

Game over:
                       ----------
                      /          \
                     /    REST    \
                    /      IN      \
                   /     PEACE      \
                  /                  \
                  |    246786432     |
                  |     1079 Au      |
                  |   killed by a    |
                  |      hobbit      |
                  |                  |
                  |                  |
                  |       2026       |
                 *|     *  *  *      | *
        _________)/\\_//(\/(/\)/\//\/|_)_______

Goodbye 246786432 the Healer...

You died in The Dungeons of Doom on dungeon level 3 with 334 points,
and 1079 pieces of gold, after 1060 moves.
You were level 3 with a maximum of 20 hit points when you died.

